 Dungeon Crawl Stone Soup version 0.18-a0-1426-g3b9a63c (webtiles) character file.

70 namelastname112 the Insei (level 4, -5/36 HPs)
             Began as a Draconian Wanderer on Feb 27, 2016.
             Hit by a javelin thrown by a gnoll (7 damage)
             ... on level 2 of the Dungeon.
             The game lasted 00:01:57 (1404 turns).

namelastname112 the Insei (Draconian Wanderer)      Turns: 1404, Time: 00:01:58

Health: -5/36      AC:  5    Str: 14    XL:     4   Next: 3%
Magic:  5/5        EV: 11    Int: 10    God:
Gold:   111        SH:  0    Dex: 14    Spells: 0 memorised, 5 levels left

rFire  . . .     SeeInvis .     i - +1 hand axe (drain)
rCold  . . .     Gourm    .     (armour unavailable)
rNeg   . . .     Faith    .     (no shield)
rPois  .         Spirit   .     (helmet restricted)
rElec  .         Dismiss  .     (no cloak)
rCorr  .         Reflect  .     (no gloves)
SustAt .         Harm     .     (no boots)
MR     .....                    (no amulet)
Stlth  +.........               (no ring)
                                (no ring)

@: not resistant to hostile enchantments, very unstealthy
A: unfitting armour, cold-blooded, AC +5
a: no special abilities


You were on level 2 of the Dungeon.
You were hungry.

You visited 1 branch of the dungeon, and saw 2 of its levels.

You collected 111 gold pieces.

Inventory:

Hand Weapons
 i - a +1 hand axe of draining (weapon)
Missiles
 j - a throwing net (quivered)
Scrolls
 h - a scroll of magic mapping {unknown}
 k - 2 scrolls of identify {unknown}
 l - a scroll of fog {unknown}
 m - a scroll of recharging {unknown}
 n - 2 scrolls of remove curse {unknown}
 o - a scroll of random uselessness {unknown}
 q - a scroll of blinking {unknown}
Potions
 a - a potion of berserk rage
 b - 2 potions of heal wounds
 e - a potion of degeneration {unknown}
 p - 2 potions of might {unknown}
 r - a potion of flight {unknown}
Books
 c - the Reference Book on Changing

   Spells                             Type                      Level
   a - Beastly Appendage              Transmutation                1
   b - Passwall                       Transmutation/Earth          2
 d - Xenn's Almanac of the Rocks

   Spells                             Type                      Level
   a - Sandblast                      Earth                        1
   b - Passwall                       Transmutation/Earth          2
Comestibles
 f - 2 bread rations
 g - a meat ration


   Skills:
 - Level 2.1 Fighting
 - Level 1.0 Throwing
 + Level 3.9 Unarmed Combat
 - Level 1.0 Spellcasting
   Level 2.0 Conjurations
   Level 2.0 Earth Magic
   Level 1.0 Evocations


You had 5 spell levels left.
You didn't know any spells.

Dungeon Overview and Level Annotations

Branches:
Dungeon (2/15)

Altars:


Innate Abilities, Weirdness & Mutations

Your plain brown scales are hard (AC +5).
Your body does not fit into most forms of armour.
You are cold-blooded and may be slowed by cold attacks.


Message History

The bat hits you but does no damage. The bat closely misses you.
You barely miss the bat. The bat hits you but does no damage. x2
You slash the bat!
You kill the bat!
You hit the kobold but do no damage.
Your tail-slap misses the kobold.
The kobold misses you. The kobold closely misses you.
You hit the kobold but do no damage. You drain the kobold!
You kill the kobold!
The gnoll seems less drained.
You hit the gnoll. You drain the gnoll!
You kill the gnoll!
You have reached level 4!
You feel agile.
The gnoll throws a javelin.
The javelin hits you!
* * * LOW HITPOINT WARNING * * *
The gnoll throws a javelin.
The javelin barely misses you.
You see here a javelin.
The gnoll throws a javelin.
The javelin hits you!
You die...

.......####..##...###....[#......
....g..####.##...## ##...#....<<.
##......##..#..#.### ###...(.....
##..#.g..#.##.##...# #...##......
##..##.g......####.###.#####..##.
.g.#####.#..### #.....####..####
..## #..(..######..##.....## g.#
#.........#......#######
.#######...####.@.............#
.# #......#####(#...#.†.#####..
.# #.####.###...###......### .#
#.......gg(### ##.##....###
.##...###.##### ####.###.....##
###. ##.# ##....# #####..# >)..
##..######..#### ##.### ####
#..##......## #.... #
#.#...###### #####


You could see 2 gnolls.

Vanquished Creatures
  A gnoll (D:2)
  An adder (D:2)
  A worm (D:2)
  2 dart slugs (D:1)
  3 giant geckos
  2 giant cockroaches
  3 goblins
  6 hobgoblins
  A quokka (D:2)
  7 bats
  3 giant newts
  7 kobolds
  5 rats
42 creatures vanquished.

Notes
Turn   | Place    | Note
--------------------------------------------------------------
     0 | D:1      | namelastname112 the Draconian Wanderer began the quest for the Orb.
     0 | D:1      | namelastname112 set off with: a potion of berserk rage, a potion of heal wounds, the Reference Book on Changing, Xenn's Almanac of the Rocks, a +0 club, a bread ration
     0 | D:1      | Reached XP level 1. HP: 17/17 MP: 2/2
     0 | D:1      | Identified the Reference Book on Changing
     0 | D:1      | Identified Xenn's Almanac of the Rocks
   206 | D:1      | Reached skill level 2 in Unarmed Combat
   206 | D:1      | Reached XP level 2. HP: 24/24 MP: 3/3
   948 | D:2      | Reached skill level 3 in Unarmed Combat
   948 | D:2      | Reached XP level 3. HP: 27/29 MP: 4/4
  1401 | D:2      | Reached XP level 4. HP: 12/36 MP: 5/5
  1401 | D:2      | HP: 1/36 [gnoll/javelin (11)]
  1404 | D:2      | Hit by a javelin thrown by a gnoll

Vault maps used:
D:1:      dpeg_arrival_erosion, kennysheep_pointless_box, minmay_unequal

Skill      XL: |  1  2 |
---------------+-------+-----
Unarmed Combat | 2 3 |  3.9
Fighting       | |  2.1
Throwing       | |  1.0
Spellcasting   | |  1.0
Conjurations   | |  2.0
Earth Magic    | |  2.0
Evocations     | |  1.0

Action                   |  1- 3 |  4- 6 || total
-------------------------+-------+-------++-------
Melee: Unarmed           |    36 |       ||    36
       Hand axe          |    95 |       ||    95
 Stab: Sleeping          |     4 |       ||     4
  Eat: Chunk             |     1 |       ||     1
